[Event "Titled Tuesday Blitz March 08 Late 2022"]
[White "Cori T., Deysi"]
[Black "Mikhalsky, Vladimir"]
[WhiteFideId "3801934"]
[BlackFideId "14144352"]
[WhiteElo "2341"]
[BlackElo "2301"]
[Result "1-0"]
[Round "10"]
[TimeControl "180+1"]
[Date "2022.03.08"]
[WhiteClock "0:00:17"]
[BlackClock "0:00:01"]

1. d4 Nf6 2. c4 g6 3. Nf3 Bg7 4. g3 O-O 5. Bg2 d6 6. O-O Nc6 7. Nc3 e5 8. dxe5 Nxe5 9. Qb3 c6 10. Rd1 Qc7 11. Bg5 Be6 12. Nxe5 dxe5 13. Rac1 h6 14. Be3 b6 15. Nd5 Bxd5 16. cxd5 c5 17. d6 Qd7 18. Bxa8 Rxa8 19. Qd3 Qe6 20. a3 Rd8 21. b4 cxb4 22. axb4 Bf8 23. Rc6 Ne8 24. b5 Rxd6 25. Qc2 Rxd1+ 26. Qxd1 Qe7 27. Qd2 Kh7 28. h4 Nd6 29. Qd5 Nf5 30. Rc8 Nxe3 31. fxe3 Bg7 32. Rd8 Qa3 33. Kf2 Qe7 34. Rd7 Qf6+ 35. Kg2 Kg8 36. Rxa7 h5 37. Rb7 Bh6 38. Qf3 Qe6 39. Rc7 e4 40. Qf2 Qd5 41. Rc8+ Kg7 42. Qe1 Bxe3 43. Qc3+ Bd4 44. Qc4 Qe5 45. Rc7 Qf6 46. Rxf7+ Qxf7 47. Qxd4+ Qf6 48. Qxe4 Qb2 49. Qc4 Kf6 50. Kf3 Qa3+ 51. e3 Qa5 52. Qc6+ Kf7 53. Qd7+ Kf6 54. Qd4+ Kf7 55. Qd5+ Kf6 56. Kf4 Qe1 57. Qc6+ Kf7 58. Qb7+ Kf6 59. Qxb6+ Kf7 60. Qb7+ Kf6 61. b6 Qb4+ 62. Kf3 Qe1 63. Qc6+ Ke5 64. Qe4+ Kf6 65. Qf4+ Ke6 66. Qe4+ Kf6 67. Qd4+ Ke6 68. Qc4+ Kf6 69. Qf4+ Ke6 70. Kg2 Qe2+ 71. Qf2 Qb5 72. e4 Ke5 73. Qf4+ Ke6 74. Qe3 Ke5 75. Kf3 Ke6 76. Qd4 Qf1+ 77. Qf2 Qd3+ 78. Kg2 Qxe4+ 79. Kh2 Qb4 80. Qe3+ Kf7 81. Kg2 Kg7 82. Kf3 Qb5 83. Ke4 Kh7 84. Qd4 Qc6+ 85. Ke5 Qe8+ 86. Kd6 Qd8+ 87. Kc5 Qf8+ 88. Kb5 Qe8+ 89. Kc5 Qf8+ 90. Qd6 Qf2+ 91. Kc6 Qf3+ 92. Kc7 Qc3+ 93. Kd8 Qf3 94. Qc7+ Qf7 95. Qxf7+ Kh6 96. b7 g5 97. Qf6+ Kh7 98. hxg5 h4 99. g6+ Kg8 100. g7 1-0


[Site "https://www.chess.com"]

[Event "Titled Tuesday Blitz March 08 Late 2022"]
[White "Csonka, Balazs"]
[Black "Martin Barcelo, Carles"]
[WhiteFideId "742910"]
[BlackFideId "24561444"]
[WhiteElo "2404"]
[BlackElo "1875"]
[Result "1/2-1/2"]
[Round "10"]
[TimeControl "180+1"]
[Date "2022.03.09"]
[WhiteClock "0:00:18"]
[BlackClock "0:00:19"]

1. d4 Nf6 2. c4 g6 3. Nc3 Bg7 4. e4 d6 5. Nf3 O-O 6. Be2 e5 7. O-O Bg4 8. d5 a5 9. Ne1 Bd7 10. Nd3 Na6 11. Be3 b6 12. Rb1 Nc5 13. Nxc5 bxc5 14. b3 Ne8 15. a3 f5 16. f3 f4 17. Bf2 Rb8 18. Nb5 g5 19. b4 axb4 20. axb4 cxb4 21. Rxb4 h5 22. c5 Qf6 23. c6 Bc8 24. Ra4 Qg6 25. Na7 Nf6 26. Kh1 g4 27. Bh4 Ra8 28. Ra1 Bh6 29. Nxc8 Raxc8 30. Bxf6 Rxf6 31. fxg4 h4 32. Bf3 Bg5 33. h3 Rff8 34. Qd3 Rb8 35. Rfb1 Qf6 36. Rb7 Qe7 37. Raa7 Rbc8 38. Qa3 Bf6 39. Qa5 Rf7 40. Be2 Qe8 41. Rxc7 Rfxc7 42. Rxc7 f3 43. Bxf3 Rb8 44. Rb7 Rc8 45. Qb5 Bg5 46. Qb1 Qf8 47. Qe1 Qf4 48. Rd7 Rb8 49. c7 Rc8 50. Rxd6 Rxc7 51. Rc6 Rb7 52. d6 Rb2 53. d7 Rd2 54. Rc8+ Kg7 55. Rc7 Kg6 56. Rc6+ Kg7 57. Rc7 Kg6 58. Qb1 Qg3 59. Rc6+ Kg7 60. Rc7 Kg6 61. d8=Q Bxd8 62. Rc6+ Bf6 63. Qc1 Qf4 64. Rc2 Rxc2 65. Qxc2 Qe3 66. Qd1 Bg5 67. Kh2 Bf4+ 68. Kh1 Qc1 69. Qxc1 Bxc1 70. Kh2 Bf4+ 71. Kg1 Kg5 72. Kf2 Bg3+ 73. Ke3 Bf4+ 74. Kd3 Bg3 75. Kc4 Bf4 76. Kd5 Bg3 77. Ke6 Bf4 78. Kf7 Bg3 79. Kg7 Bf4 80. Kf7 Bg3 81. Ke6 Bf4 82. Kd5 Bg3 83. Kc4 Bf4 84. Kc3 Bg3 85. Kd3 Bf4 86. Ke2 Bg3 87. Kf1 Bf4 88. Be2 Bg3 89. Kg1 Bf4 90. Kf2 Bg3+ 91. Kf3 Bf4 92. Ba6 Bg3 93. Bf1 Bf4 94. Be2 Bg3 95. Bf1 Bf4 96. Be2 Bg3 97. Bf1 1/2-1/2


[Site "https://www.chess.com"]

[Event "Titled Tuesday Blitz March 08 Late 2022"]
[White "Cupid, Kevin"]
[Black "Burke, Paul"]
[WhiteFideId "7700512"]
[BlackFideId "2605767"]
[WhiteElo "2096"]
[BlackElo "1907"]
[Result "1-0"]
[Round "10"]
[TimeControl "180+1"]
[Date "2022.03.09"]
[WhiteClock "0:00:07"]
[BlackClock "0:00:01"]

1. d4 Nf6 2. c4 c5 3. dxc5 Qa5+ 4. Nd2 Qxc5 5. Ngf3 d6 6. a3 Qc7 7. e3 e6 8. b3 Be7 9. Bb2 O-O 10. Rc1 b6 11. Bd3 Bb7 12. O-O Nbd7 13. Nd4 Rac8 14. Qe2 Qb8 15. f4 d5 16. Bb1 dxc4 17. Nxc4 Ne4 18. b4 Ndf6 19. Nf3 Rfd8 20. Nfe5 b5 21. Nxf7 Kxf7 22. Ne5+ Kg8 23. Qxb5 Bd5 24. Qa6 Qb6 25. Qxb6 axb6 26. Bd4 Bc4 27. Rxc4 Rxc4 28. Nxc4 b5 29. Bxe4 Nxe4 30. Ne5 Rc8 31. Ra1 Rc2 32. Nd3 Nd6 33. Bc5 Rc3 34. Ne5 Nc8 35. Bd4 Rc2 36. Nd3 Rd2 37. Rc1 Nd6 38. Nc5 Ra2 39. Nxe6 Kf7 40. Ng5+ Bxg5 41. fxg5 Rxa3 42. Rc7+ Ke6 43. Rxg7 Nf5 44. Rxh7 Nxd4 45. exd4 Rb3 46. g6 Kf6 47. g7 Kf7 48. g8=Q+ Kxg8 49. Rd7 Rxb4 50. Kf2 Rb2+ 51. Kf3 b4 52. Rb7 b3 53. h4 Rb1 54. Kg3 b2 55. d5 Kf8 56. h5 Rd1 57. Rxb2 Rxd5 58. Kh4 Kg7 59. Rb6 Kh7 60. g4 Kg7 61. Kg3 Rd4 62. Rc6 Kh7 63. Kh4 Rd5 64. Rf6 Kg7 65. Rf5 Rd4 66. Kg5 Kh7 67. Rf7+ Kg8 68. Rf6 Kg7 69. Rf5 Kh7 70. h6 1-0


[Site "https://www.chess.com"]

[Event "Titled Tuesday Blitz March 08 Late 2022"]
[White "Curtis, John"]
[Black "Ardila, Oscar Humberto"]
[WhiteFideId "3200256"]
[BlackFideId "4404742"]
[WhiteElo "2203"]
[BlackElo "1966"]
[Result "1-0"]
[Round "10"]
[TimeControl "180+1"]
[Date "2022.03.09"]
[WhiteClock "0:00:12"]
[BlackClock "0:00:16"]

1. c4 Nf6 2. Nc3 e5 3. g3 d6 4. Bg2 Be7 5. Nf3 O-O 6. O-O Nbd7 7. d4 exd4 8. Nxd4 Re8 9. e4 Nc5 10. Re1 a5 11. h3 c6 12. Qc2 Qc7 13. Bf4 Ne6 14. Nxe6 Bxe6 15. c5 Nh5 16. cxd6 Bxd6 17. Bxd6 Qxd6 18. e5 Qc5 19. Kh2 Rad8 20. Qe2 g6 21. Rad1 Bc4 22. Rxd8 Rxd8 23. Qf3 Rd2 24. Ne4 Qd4 25. Nxd2 Qxd2 26. Rd1 Qxb2 27. Rd8+ Kg7 28. Qe3 Bxa2 29. g4 Nf6 30. exf6+ Qxf6 31. Qe8 Qf4+ 32. Kg1 Qc1+ 33. Bf1 Bc4 34. Qf8+ Kf6 35. Qd6+ Kg5 36. Qc5+ f5 37. Qxc4 Qxc4 38. Bxc4 fxg4 39. Rd7 h5 40. Rxb7 gxh3 41. Kh2 Kf4 42. Rg7 g5 43. Rf7+ Kg4 44. Be2+ Kh4 45. Rc7 g4 46. Rxc6 a4 47. Ra6 a3 48. Rxa3 Kg5 49. Ra5+ Kh4 50. Bd1 1-0


[Site "https://www.chess.com"]

[Event "Titled Tuesday Blitz March 08 Late 2022"]
[White "Debray, Christopher"]
[Black "Vusatiuk, Vladimir"]
[WhiteFideId "630810"]
[BlackFideId "14118610"]
[WhiteElo "2393"]
[BlackElo "2157"]
[Result "1-0"]
[Round "10"]
[TimeControl "180+1"]
[Date "2022.03.08"]
[WhiteClock "0:01:38"]
[BlackClock "0:00:20"]

1. d4 Nf6 2. Nf3 g6 3. Bf4 Bg7 4. Nc3 d6 5. e4 O-O 6. Qd2 c6 7. Bh6 b5 8. Bxg7 Kxg7 9. Bd3 Bg4 10. e5 Nfd7 11. exd6 Bxf3 12. gxf3 exd6 13. O-O-O d5 14. h4 h5 15. Rdg1 Na6 16. Ne2 Qf6 17. Nf4 Kh8 18. Nxg6+ fxg6 19. Qh6+ Kg8 20. Rxg6+ Kf7 21. Rxf6+ Nxf6 22. Bg6+ Ke7 23. Qg7+ Kd6 24. Bf7 Nd7 25. Re1 Rad8 26. Bxh5 Kc7 27. Bg4 Rg8 28. Qe7 Nb8 29. h5 Kb6 30. h6 Nf8 31. Qxd8+ 1-0


[Site "https://www.chess.com"]

[Event "Titled Tuesday Blitz March 08 Late 2022"]
[White "Derige Kane, Yan"]
[Black "Pinheiro, Iung Alicio de O."]
[WhiteFideId "20665431"]
[BlackFideId "2104350"]
[WhiteElo "2169"]
[BlackElo "2611"]
[Result "0-1"]
[Round "10"]
[TimeControl "180+1"]
[Date "2022.03.08"]
[WhiteClock "0:00:18"]
[BlackClock "0:00:26"]

1. e4 c5 2. Nf3 Nc6 3. d4 cxd4 4. Nxd4 Nf6 5. Nc3 e5 6. Ndb5 d6 7. Bg5 a6 8. Na3 b5 9. Nd5 Be7 10. Bxf6 Bxf6 11. c4 b4 12. Nc2 Rb8 13. b3 O-O 14. Be2 Bg5 15. O-O a5 16. Nce3 g6 17. Bg4 Be6 18. Qe2 Nd4 19. Qd2 f5 20. exf5 gxf5 21. Bh3 Bxd5 22. cxd5 f4 23. Nc4 f3 24. Qd3 fxg2 25. Bxg2 Bf4 26. Kh1 Kh8 27. Qh3 Rb7 28. Be4 Rf6 29. Qh4 Qf8 30. Qg4 Rh6 31. h4 Rg7 32. Qh3 Qd8 33. h5 Rg5 34. Nxd6 Qxd6 35. Qc8+ Rg8 36. Qh3 Rg5 37. Qc8+ Kg7 38. Qb7+ Kf6 0-1


[Site "https://www.chess.com"]

[Event "Titled Tuesday Blitz March 08 Late 2022"]
[White "Derraugh, Geordie"]
[Black "Sarkar, Justin"]
[WhiteFideId "2603950"]
[BlackFideId "2010011"]
[WhiteElo "2116"]
[BlackElo "2038"]
[Result "0-1"]
[Round "10"]
[TimeControl "180+1"]
[Date "2022.03.09"]
[WhiteClock "0:00:05"]
[BlackClock "0:00:05"]

1. e4 Nf6 2. e5 Ne4 3. d3 Nc5 4. d4 Ne6 5. f4 g6 6. Nf3 d6 7. d5 Nc5 8. Be3 Bg7 9. Nc3 O-O 10. Qd2 c6 11. dxc6 Nxc6 12. O-O-O Bg4 13. Qf2 Qa5 14. Bxc5 dxc5 15. Bc4 Nd4 16. Bd5 Rad8 17. Nxd4 cxd4 18. Rxd4 Qc5 19. h3 Be6 20. Rhd1 Bxd5 21. Nxd5 Rxd5 22. c3 Rxd4 23. Rxd4 h5 24. g4 hxg4 25. hxg4 g5 26. Qe2 gxf4 27. Re4 f3 28. Qxf3 Bxe5 29. Qf5 Rd8 30. Qg5+ Kf8 31. Qxe5 Qxe5 32. Rxe5 Rd3 33. Kc2 Rg3 34. g5 f6 35. gxf6 exf6 36. Rb5 b6 37. Rf5 Kf7 38. a4 Ke6 39. Rb5 f5 40. a5 bxa5 41. Rxa5 f4 42. Rxa7 Rg2+ 43. Kb3 f3 44. Ra8 f2 45. Rf8 Ke5 46. Kc4 Ke4 47. b4 Ke3 48. Kb5 Rg3 49. Rxf2 Kxf2 50. c4 Ke3 51. c5 Kd4 52. c6 Rg8 53. c7 Kd5 54. Kb6 Kd6 55. Kb7 Rg7 56. b5 Rxc7+ 57. Ka6 Rc1 58. b6 Kc6 59. Ka7 Ra1+ 60. Kb8 Kxb6 0-1


[Site "https://www.chess.com"]

[Event "Titled Tuesday Blitz March 08 Late 2022"]
[White "Desideri, Ricardo Maruchi"]
[Black "Vine, Elzbieta"]
[WhiteFideId "2110440"]
[BlackFideId "1119320"]
[WhiteElo "1945"]
[BlackElo "1835"]
[Result "1-0"]
[Round "10"]
[TimeControl "180+1"]
[Date "2022.03.09"]
[WhiteClock "0:00:26"]
[BlackClock "0:00:02"]

1. e4 c5 2. Nf3 a6 3. d4 cxd4 4. Nxd4 d6 5. c4 Nf6 6. Nc3 Nc6 7. f4 e5 8. Nxc6 bxc6 9. fxe5 dxe5 10. Qxd8+ Kxd8 11. Be2 Bc5 12. a3 Rb8 13. b4 Bd4 14. Bb2 Nxe4 15. Nxe4 Bxb2 16. Ra2 Bd4 17. Rd2 f5 18. Nc5 Kc7 19. Nb3 Bc3 20. O-O Bxd2 21. Nxd2 Rd8 22. Nf3 e4 23. Ne5 Re8 24. Nf7 h6 25. Bh5 Re7 26. Nh8 Be6 27. Ng6 Rd7 28. c5 a5 29. bxa5 Ra8 30. Nf4 Bc4 31. Rc1 e3 32. Rxc4 Rxa5 33. Rc3 g6 34. Bf3 Re7 35. Ne2 g5 36. g3 g4 37. Bg2 Rb5 38. Rc1 Rb2 39. Bf1 Rd7 40. Ra1 Rdd2 41. Nf4 Rxh2 42. a4 h5 43. a5 Kb7 44. a6+ Ka7 45. Re1 h4 46. Rxe3 hxg3 47. Rxg3 Rh8 48. Rg2 Rb1 49. Kf2 Rd8 50. Be2 Rb2 51. Rg3 Rdd2 52. Re3 1-0


[Site "https://www.chess.com"]

[Event "Titled Tuesday Blitz March 08 Late 2022"]
[White "Dias, Joao Batista"]
[Black "Winkels, Marcel"]
[WhiteFideId "2108240"]
[BlackFideId "1003887"]
[WhiteElo "1898"]
[BlackElo "1900"]
[Result "1-0"]
[Round "10"]
[TimeControl "180+1"]
[Date "2022.03.09"]
[WhiteClock "0:00:43"]
[BlackClock "0:00:01"]

1. e4 g6 2. d4 Bg7 3. Nf3 c6 4. Bc4 d5 5. exd5 cxd5 6. Bb5+ Bd7 7. Bxd7+ Qxd7 8. O-O Nf6 9. Re1 Nc6 10. c3 O-O 11. Bg5 Rfe8 12. Nbd2 h6 13. Be3 Ng4 14. h3 Nxe3 15. Rxe3 e6 16. Qe2 a6 17. Re1 b5 18. a3 Na5 19. g3 Nc4 20. Nxc4 bxc4 21. Qd1 Rab8 22. R1e2 Rb3 23. Rc2 Reb8 24. Ree2 Qb5 25. Qc1 Qc6 26. Ne5 Qc7 27. Ng4 Kh7 28. f4 R8b6 29. Kg2 a5 30. h4 h5 31. Nh2 a4 32. Nf3 Bf6 33. Ne5 Rb8 34. Nf3 R8b7 35. Nd2 R3b6 36. Nf3 Rb3 37. Nd2 R3b6 38. Nf3 Kg7 39. Kf2 Be7 40. Kg2 Bd6 41. Qe3 Qb8 42. Qc1 Rb3 43. Kf2 Qc7 44. Kg2 Qc8 45. Qe3 Qb8 46. Qc1 Qd8 47. Ne5 Qf6 48. Nf3 Qf5 49. Red2 R3b6 50. Qe1 Re7 51. Ne5 Bxe5 52. Qxe5+ Qxe5 53. dxe5 Re8 54. Kf3 f6 55. exf6+ Kxf6 56. Ke3 e5 57. fxe5+ Rxe5+ 58. Kd4 Rb5 59. Re2 Rxe2 60. Rxe2 Kf5 61. Ke3 Kg4 62. Kf2 Rc5 63. Rd2 Rb5 64. Rd4+ Kf5 65. Rd2 Ke5 66. Ke3 Rb8 67. Re2 Rf8 68. Kd2+ Kd6 69. Rg2 Rf3 70. g4 Rd3+ 71. Kc2 Rh3 72. gxh5 gxh5 73. Rg6+ Kc5 74. Ra6 Rxh4 75. Rxa4 Rh2+ 76. Kc1 h4 77. Ra8 h3 78. Kb1 Rg2 79. Rh8 h2 80. Ka2 Rd2 81. Rh5 Kc6 82. Rh6+ Kc5 83. Rh5 Kc6 84. a4 Kd7 85. Ka3 Kc6 86. Rh8 Kc5 87. Rc8+ Kb6 88. Rb8+ Kc7 89. Rh8 d4 90. cxd4 Rd3+ 91. Kb4 1-0


[Site "https://www.chess.com"]

[Event "Titled Tuesday Blitz March 08 Late 2022"]
[White "Dobrov, Vladimir"]
[Black "Bacrot, Etienne"]
[WhiteFideId "4136594"]
[BlackFideId "605506"]
[WhiteElo "2614"]
[BlackElo "2673"]
[Result "1-0"]
[Round "10"]
[TimeControl "180+1"]
[Date "2022.03.08"]
[WhiteClock "0:00:03"]
[BlackClock "0:00:11"]

1. d4 Nf6 2. c4 e6 3. Nf3 d5 4. Nc3 Be7 5. Qc2 O-O 6. e4 dxe4 7. Nxe4 Nc6 8. Bd3 h6 9. O-O Nb4 10. Nxf6+ Bxf6 11. Qb3 Nxd3 12. Qxd3 e5 13. d5 Re8 14. Re1 Bg4 15. Bd2 Qd7 16. Bc3 Bf5 17. Qe3 e4 18. Nd4 Bg6 19. b3 a6 20. Ne2 Bg5 21. Qg3 Qd6 22. Qxd6 cxd6 23. a4 f5 24. a5 f4 25. Nd4 Bf6 26. Rac1 Kf7 27. Ne6 Rxe6 28. dxe6+ Kxe6 29. Bxf6 gxf6 30. c5 d5 31. c6 bxc6 32. Rxc6+ Ke5 33. Rec1 e3 34. g3 e2 35. f3 Bd3 36. Kf2 Bb5 37. gxf4+ Kd4 38. Rxf6 Kd3 39. f5 d4 40. Rd6 Kd2 41. Re1 d3 42. Rxe2+ Kc3 43. Re7 Rf8 44. Rc7+ Kd2 45. f6 Re8 46. f7 Rf8 47. Re6 Kd1 48. Re1+ Kd2 49. Rcc1 Rxf7 50. Red1# 1-0


[Site "https://www.chess.com"]

[Event "Titled Tuesday Blitz March 08 Late 2022"]
[White "Domingo Nunez, Alejandro"]
[Black "Kosakowski, Jakub"]
[WhiteFideId "22245561"]
[BlackFideId "1185080"]
[WhiteElo "2215"]
[BlackElo "2476"]
[Result "1-0"]
[Round "10"]
[TimeControl "180+1"]
[Date "2022.03.08"]
[WhiteClock "0:00:40"]
[BlackClock "0:00:05"]

1. Nf3 d5 2. g3 Nd7 3. d4 Nb6 4. a4 a5 5. Qd3 g6 6. b3 Bf5 7. Qe3 Bh6 8. Ng5 f6 9. h4 Qd7 10. Na3 O-O-O 11. Qc3 fxg5 12. hxg5 Bg7 13. Qxa5 Bxd4 14. c3 Bg7 15. Be3 d4 16. Bxd4 Bxd4 17. Bg2 Bc5 18. Nc4 Kb8 19. Qxc5 Nxc4 20. O-O Nd6 21. Rfd1 e5 22. a5 Ne7 23. a6 Qb5 24. axb7 Nxb7 25. Qxb5 1-0


[Site "https://www.chess.com"]

[Event "Titled Tuesday Blitz March 08 Late 2022"]
[White "Elissalt Cardenas, Hector"]
[Black "Kozina, Anastasia"]
[WhiteFideId "3500632"]
[BlackFideId "24174017"]
[WhiteElo "2159"]
[BlackElo "1993"]
[Result "1-0"]
[Round "10"]
[TimeControl "180+1"]
[Date "2022.03.09"]
[WhiteClock "0:00:34"]
[BlackClock "0:00:55"]

1. d4 e6 2. c4 Nf6 3. Nc3 Bb4 4. e3 O-O 5. Bd3 b6 6. Ne2 Bb7 7. O-O d5 8. cxd5 exd5 9. Bd2 Nbd7 10. Rc1 a6 11. f3 Re8 12. Ng3 Nf8 13. a3 Bd6 14. Nf5 c5 15. Nxd6 Qxd6 16. Ne2 Ne6 17. Be1 c4 18. Bc2 Nf8 19. Qd2 Qe6 20. Bf2 a5 21. Nc3 Ba6 22. e4 b5 23. exd5 Nxd5 24. Nxd5 Qxd5 25. Be4 Rxe4 26. fxe4 Qxe4 27. Rce1 Qd5 28. Re5 Qc6 29. d5 Qd6 30. Bg3 Qb6+ 31. Kh1 Ng6 32. Re4 Bb7 33. Rfe1 h6 34. Re8+ Rxe8 35. Rxe8+ Kh7 36. d6 Bc6 37. d7 Bxd7 38. Qxd7 Qf6 39. h3 Qxb2 40. Qxf7 Qxa3 41. Qg8# 1-0


[Site "https://www.chess.com"]

[Event "Titled Tuesday Blitz March 08 Late 2022"]
[White "Fiorito, Fabian"]
[Black "Iskusnyh, Sergei"]
[WhiteFideId "100200"]
[BlackFideId "4120027"]
[WhiteElo "2395"]
[BlackElo "2492"]
[Result "0-1"]
[Round "10"]
[TimeControl "180+1"]
[Date "2022.03.08"]
[WhiteClock "0:00:20"]
[BlackClock "0:00:12"]

1. d4 d5 2. Nc3 Nf6 3. Bf4 c5 4. e4 e6 5. Nb5 Na6 6. e5 Nd7 7. c3 Be7 8. Nf3 Qb6 9. a4 cxd4 10. cxd4 Nb4 11. Rc1 O-O 12. Be2 a6 13. Nc3 f6 14. exf6 Bxf6 15. O-O Nc6 16. Bd6 Rf7 17. Ne5 Ndxe5 18. dxe5 Nxe5 19. Nxd5 exd5 20. Qxd5 Bd7 21. Bxe5 Bc6 22. Qd6 Rd8 23. Qc5 Qxc5 24. Rxc5 Bxe5 25. Rxe5 Rf4 26. b3 Rd2 27. Bc4+ Kf8 28. f3 Rfd4 29. Rfe1 Rb2 30. R5e2 Rxe2 31. Rxe2 Bxa4 32. Bxa6 bxa6 33. bxa4 Rxa4 34. Kf2 a5 35. Re6 Ra2+ 36. Kg3 a4 37. Ra6 a3 38. Ra7 h6 39. h4 Ra1 40. Kg4 Kg8 41. g3 Kh7 42. h5 Ra2 43. f4 Ra1 44. f5 Kg8 45. Ra8+ Kf7 46. Ra7+ Kf6 47. Ra8 Ke5 48. Ra7 Kf6 49. Ra6+ Ke5 50. Ra7 a2 51. Ra5+ Kd4 52. Ra7 Kc5 53. Ra8 Kc4 54. Rc8+ Kd3 55. Rd8+ Ke2 56. Ra8 Kf1 57. Kf4 Kg2 58. Kg4 Kh2 59. Kh4 Kg2 60. Kg4 Kf1 61. Ra7 Ke2 62. Re7+ Kd3 63. Ra7 Ke4 64. Re7+ Kd5 65. Ra7 Ke5 66. Ra5+ Kf6 67. Ra6+ Ke7 68. Ra7+ Kd6 69. Ra6+ Kc5 70. Ra5+ Kc4 71. Ra4+ Kb3 72. Ra8 Rf1 73. Rb8+ Kc4 74. Rc8+ Kd5 75. Rd8+ Ke5 76. Re8+ Kf6 77. Rf8+ Ke7 78. Ra8 a1=Q 0-1


[Site "https://www.chess.com"]

[Event "Titled Tuesday Blitz March 08 Late 2022"]
[White "Golubev, Mikhail"]
[Black "Moral Garcia, Serafin"]
[WhiteFideId "14100983"]
[BlackFideId "2201925"]
[WhiteElo "2374"]
[BlackElo "2228"]
[Result "1-0"]
[Round "10"]
[TimeControl "180+1"]
[Date "2022.03.09"]
[WhiteClock "0:00:05"]
[BlackClock "0:01:08"]

1. d4 Nf6 2. c4 g6 3. Nc3 d5 4. cxd5 Nxd5 5. Na4 Bg7 6. e4 Nb6 7. Be3 O-O 8. Nf3 Bg4 9. Be2 Nc6 10. d5 Bxf3 11. gxf3 Nxa4 12. Qxa4 Ne5 13. f4 Nd7 14. O-O-O Nb6 15. Qb3 Qd7 16. Kb1 e6 17. dxe6 Qxe6 18. Qxe6 fxe6 19. h4 Rad8 20. Rxd8 Rxd8 21. h5 Bd4 22. hxg6 hxg6 23. Bg4 Bxe3 24. Bxe6+ Kg7 25. fxe3 Rd3 26. Re1 Kf6 27. Kc2 Rd8 28. Bb3 c5 29. e5+ Kf5 30. Kc3 Ke4 31. Bc2+ Kf3 32. Bxg6 Nd5+ 33. Kb3 c4+ 34. Ka3 Nxe3 35. e6 c3 36. Rxe3+ Kxe3 37. bxc3 Rd6 38. e7 Ra6+ 39. Kb2 Rxg6 40. e8=Q+ 1-0


[Site "https://www.chess.com"]

[Event "Titled Tuesday Blitz March 08 Late 2022"]
[White "Hambleton, Aman"]
[Black "Li, Ben"]
[WhiteFideId "2606577"]
[BlackFideId "2089980"]
[WhiteElo "2552"]
[BlackElo "2267"]
[Result "0-1"]
[Round "10"]
[TimeControl "180+1"]
[Date "2022.03.08"]
[WhiteClock "0:00:01"]
[BlackClock "0:01:11"]

1. d4 d5 2. Bf4 Nf6 3. e3 c5 4. c3 Nc6 5. Nd2 e6 6. Ngf3 Bd6 7. Bg3 O-O 8. Bd3 b6 9. e4 Be7 10. e5 Nh5 11. Ng5 Bxg5 12. Qxh5 g6 13. Qe2 cxd4 14. h4 Bh6 15. h5 dxc3 16. bxc3 Bg7 17. Nf3 Qc7 18. O-O Ne7 19. Rac1 Bd7 20. Bf4 Rfc8 21. h6 Bf8 22. Nh2 Nf5 23. Ng4 Be7 24. Qd2 Qd8 25. Rfe1 Rc7 26. Bb1 Rac8 27. Qd3 Rc4 28. Qf3 d4 29. Bxf5 exf5 30. Nf6+ Bxf6 31. exf6 Rxc3 32. Qd5 Be6 33. Qe5 R3c5 34. Qe2 d3 0-1


[Site "https://www.chess.com"]

[Event "Titled Tuesday Blitz March 08 Late 2022"]
[White "Hryshchenko, Kamila"]
[Black "Bluebaum, Matthias"]
[WhiteFideId "14147491"]
[BlackFideId "24651516"]
[WhiteElo "1929"]
[BlackElo "2550"]
[Result "1-0"]
[Round "10"]
[TimeControl "180+1"]
[Date "2022.03.08"]
[WhiteClock "0:00:53"]
[BlackClock "0:00:01"]

1. e4 c6 2. Ne2 d5 3. d4 dxe4 4. Nbc3 Nf6 5. Ng3 Bg4 6. Be2 Bxe2 7. Qxe2 Qxd4 8. Bf4 Nd5 9. Nxd5 Qxd5 10. Nxe4 e5 11. Nc3 Qe6 12. Qxe5 Qxe5+ 13. Bxe5 Nd7 14. Bc7 Nc5 15. O-O-O Ne6 16. Rhe1 Be7 17. Be5 Rd8 18. Ne4 f6 19. Bd6 f5 20. Bxe7 Rxd1+ 21. Kxd1 fxe4 22. Bh4 Kf7 23. Rxe4 g5 24. Bg3 Rd8+ 25. Kc1 h5 26. h4 gxh4 27. Rxh4 Kg6 28. c3 Ng7 29. Rh3 Re8 30. Kd2 Rd8+ 31. Ke2 Re8+ 32. Kd2 Rd8+ 33. Ke1 Re8+ 34. Kf1 Rd8 35. Be5 Nf5 36. Ke2 Kg5 37. Rd3 Re8 38. f4+ Kg4 39. Rd7 Re7 40. Rd8 Nh6 41. Kf2 Nf7 42. Rg8+ Kf5 43. Rg7 Rc7 44. Bxc7 Nh6 45. Kf3 Ng4 46. Rxg4 hxg4+ 47. Kg3 a6 48. a4 b5 49. a5 b4 50. cxb4 Ke4 51. Kxg4 Kd3 52. f5 Kc4 53. f6 Kb3 54. f7 c5 55. f8=Q cxb4 56. Bd6 Ka4 57. Bxb4 Kb3 58. Qf7+ Ka4 59. Qa2+ Kb5 60. b3 Kc6 61. Qc2+ Kd5 62. Kf5 Kd4 63. Bc5+ Kd5 64. Qc4+ Kc6 65. Be7+ Kd7 66. Qe6+ Kc7 67. Qd6+ Kb7 68. Qd7+ Ka8 69. Qc8+ Ka7 70. Bc5# 1-0


[Site "https://www.chess.com"]

[Event "Titled Tuesday Blitz March 08 Late 2022"]
[White "Ibarra Jerez, Jose Carlos"]
[Black "Xu, Yi"]
[WhiteFideId "2226332"]
[BlackFideId "8605564"]
[WhiteElo "2626"]
[BlackElo "2471"]
[Result "1/2-1/2"]
[Round "10"]
[TimeControl "180+1"]
[Date "2022.03.08"]
[WhiteClock "0:00:06"]
[BlackClock "0:00:02"]

1. e4 c5 2. Nc3 d6 3. d4 cxd4 4. Qxd4 Nc6 5. Qd2 g6 6. b3 Bh6 7. f4 f5 8. Bb2 Nf6 9. Bd3 Qa5 10. exf5 Bxf5 11. Nge2 O-O-O 12. O-O-O Kb8 13. h3 e5 14. Bxf5 gxf5 15. Kb1 Rhg8 16. Rhg1 d5 17. Qd3 e4 18. Qe3 Bg7 19. Na4 Nh5 20. g4 Bxb2 21. Kxb2 Ng7 22. Nd4 fxg4 23. Nxc6+ bxc6 24. hxg4 Ne6 25. f5 Ng5 26. Nc5 Ka8 27. Rh1 Qb6 28. Qc3 Rge8 29. Na4 Qc7 30. Qe3 Qe5+ 31. c3 Nf3 32. Rxh7 Re7 33. Rxe7 Qxe7 34. Nc5 Rh8 35. Rc1 Rh2+ 36. Rc2 Qh4 37. b4 Rxc2+ 38. Kxc2 Qxg4 39. f6 Qg2+ 40. Kc1 Qf1+ 41. Kb2 Ne5 42. Qg5 Nc4+ 43. Kc2 Qe2+ 44. Kc1 Qe1+ 45. Kc2 Qe2+ 46. Kc1 Qe1+ 47. Kc2 Qf2+ 48. Kc1 Qf1+ 49. Kc2 Qe2+ 1/2-1/2


[Site "https://www.chess.com"]

[Event "Titled Tuesday Blitz March 08 Late 2022"]
[White "Indjic, Aleksandar"]
[Black "Dubov, Daniil"]
[WhiteFideId "911925"]
[BlackFideId "24126055"]
[WhiteElo "2616"]
[BlackElo "2791"]
[Result "0-1"]
[Round "10"]
[TimeControl "180+1"]
[Date "2022.03.08"]
[WhiteClock "0:00:09"]
[BlackClock "0:00:09"]

1. d4 d5 2. c4 c6 3. cxd5 cxd5 4. Bg5 Nf6 5. Bxf6 gxf6 6. Nc3 e6 7. e3 Nc6 8. Nge2 Bd7 9. Ng3 f5 10. Nh5 Rc8 11. Be2 Bb4 12. Rc1 Ne7 13. Nf6+ Kf8 14. Qb3 Nc6 15. Nh5 Qb6 16. O-O Na5 17. Qc2 Bxc3 18. bxc3 Ke7 19. Qd2 h6 20. Rb1 Qd6 21. Rfc1 b6 22. f3 Nc4 23. Qe1 Nxe3 24. Ba6 Nc4 25. Qh4+ Kf8 26. Qf6 Rh7 27. Bxc8 Bxc8 28. Qh4 Rh8 29. Kh1 Qe7 30. Qf2 Qg5 31. g4 fxg4 32. fxg4 Qxg4 33. Nf6 Qf5 34. Rf1 Qxf2 35. Rxf2 Ke7 36. Rg1 e5 37. Rg8 Rxg8 38. Nxg8+ Kf8 39. Nxh6 Be6 40. dxe5 Nxe5 41. Nf5 Nd3 42. Rf3 Ne5 43. Rf1 d4 44. cxd4 Bc4 45. Rc1 Bd5+ 46. Kg1 Nc6 47. Ne3 Be4 48. d5 Ne5 49. a3 Ke7 50. Rc7+ Kd6 51. Rxa7 f5 52. h4 f4 53. Ng2 Nd3 54. Nxf4 Nxf4 55. Rf7 Nxd5 56. h5 Ke6 57. Rg7 Nf6 58. h6 b5 59. Rg5 Bh7 60. Kf2 Ne4+ 61. Ke3 Nxg5 62. Kd4 Nf7 63. Kc5 Nxh6 64. Kxb5 Be4 65. Kb6 Kd7 66. a4 Kc8 67. a5 Nf7 68. a6 Nd8 69. a7 Ba8 70. Ka6 Kc7 71. Ka5 Kb7 72. Kb5 Kxa7 0-1


[Site "https://www.chess.com"]

[Event "Titled Tuesday Blitz March 08 Late 2022"]
[White "Janaszak, Dawid"]
[Black "Tanenbaum, Zachary"]
[WhiteFideId "1119206"]
[BlackFideId "2060850"]
[WhiteElo "2199"]
[BlackElo "2168"]
[Result "1-0"]
[Round "10"]
[TimeControl "180+1"]
[Date "2022.03.08"]
[WhiteClock "0:00:35"]
[BlackClock "0:00:05"]

1. e4 e5 2. Nf3 Nc6 3. d4 exd4 4. Nxd4 Bc5 5. Nb3 Bb6 6. Nc3 Nf6 7. Qe2 O-O 8. Bg5 h6 9. Bh4 Re8 10. O-O-O d6 11. f3 a5 12. a4 Ne5 13. Nd5 g5 14. Nxb6 cxb6 15. Bg3 Bd7 16. Rxd6 Qe7 17. Rxb6 Bxa4 18. Nd4 Nc6 19. Nf5 Qd8 20. Rxb7 Nd4 21. Qc4 Ne6 22. Qxa4 Rc8 23. Nd6 Nf4 24. Nxc8 Qxc8 25. Ba6 Qc5 26. Qb3 Qf8 27. Bxf4 gxf4 28. Rd1 Nh7 29. Rxf7 Qxf7 30. Bc4 1-0


[Site "https://www.chess.com"]